AoeStats
← uDORRI

Black Forest

504128712Analyzed
4v4 RM · 1mo ago on Sep 4, 2026· 22m 52s· 8 players
Game mode
Random Map
Map size
Large (8 player)
Population
200
Speed
Normal
Resources
Standard
Victory
Conquest
Starting age
Dark Age
Ending age
Imperial Age
RankedLock teamsTeams togetherTeam positionsShared explorationLock speedFull tech treeHidden civsTurbo modeCheats
Victory
Defeat
🇦🇷 Bohemians · Argentina
732
+12
🇵🇪 Persians · Peru
667
+15
🇺🇸 Malians · United States
634
+17
🇺🇸 Spanish · United States
607
+18
🇨🇱 Persians · Chile
737
-20
🇨🇱 Mapuche · Chile
665
-24
🇨🇱 Britons · Chile
637
-15
🇨🇱 Gurjaras · Chile
546
-11
Felix
14:17 Feudal Age
15:33 Wheelbarrow
14:47 Double-Bit Axe
uDORRI
10:13 Feudal Age
11:48 Double-Bit Axe
11:37 Man-at-Arms
14:29 Horse Collar
15:50 Gold Mining
19:48 Forging
20:00 Man-at-Arms
Charmanarnar
16:11 Feudal Age
20:26 Man-at-Arms
MatiasBernal758
0:29 Loom
13:47 Feudal Age
14:47 Double-Bit Axe
21:12 Castle Age
leoleitogg
victorcherack
1:24 Loom
1:31 Loom
Tiienty
0:28 Loom
ItSooGood
Connection lost

Rejoining the realm…

Still unreachable

The connection could not be restored.

Session expired

The server has moved on; the page needs a fresh start.